 Seeded DCSS version 0.27-a0-1456-gf5a116941d (webtiles) character file.

Game seed: 20210706 (custom seed)

2401 muata the Ruffian (level 9, -6/92 HPs)
             Began as a Troll Monk on July 7, 2021.
             Mangled by Harold (13 damage)
             ... on level 7 of the Dungeon.
             The game lasted 00:12:49 (5396 turns).

muata the Ruffian (Troll Monk)                      Turns: 5396, Time: 00:12:50

Health: -6/92      AC:  6    Str: 21    XL:     9   Next: 23%
Magic:  8/8        EV: 13    Int:  6    God:
Gold:   146        SH:  0    Dex: 15    Spells: 8/8 levels left

rFire    . . .     SeeInvis .     - Unarmed
rCold    . . .     Faith    .   (no shield)
rNeg     . . .     Spirit   .   a - +2 robe
rPois    .         Reflect  .   (helmet restricted)
rElec    .         Harm     .   (no cloak)
rCorr    .         Rampage  .   (gloves unavailable)
Will     .....                  (boots unavailable)
Stlth    ++........             B - amulet of the acrobat
HPRegen  1.25/turn              (no ring)
MPRegen  0.11/turn              (no ring)

@: mighty
A: large, unfitting armour, claws 3, regeneration 1, shaggy fur 1, tough skin 1
a: no special abilities


You were on level 7 of the Dungeon.
You visited 1 branch of the dungeon, and saw 7 of its levels.

You collected 230 gold pieces.
You spent 84 gold pieces at shops.

Inventory:

Missiles
 b - 38 poisoned darts (quivered)
 C - 7 atropa-tipped darts
Armour
 a - a +2 robe (worn)
Jewellery
 h - a ring of protection from cold
 x - a ring of flight
 B - an amulet of the acrobat (around neck)
Wands
 q - a wand of flame (49)
 w - a wand of iceblast (8)
 y - a wand of digging (3)
Scrolls
 d - a scroll of identify
 e - a scroll of torment {unknown}
 f - a scroll of amnesia {unknown}
 g - a scroll of summoning {unknown}
 i - 2 scrolls of blinking
 j - 2 scrolls of enchant armour
 k - 2 scrolls of noise {unknown}
 l - 2 scrolls of enchant weapon {unknown}
 o - 2 scrolls of fear {unknown}
 s - 2 scrolls of magic mapping
 t - 2 scrolls of fog
 v - a scroll of silence {unknown}
 z - a scroll of vulnerability {unknown}
 A - 2 scrolls of teleportation {unknown}
Potions
 c - a potion of heal wounds {unknown}
 m - a potion of curing
 n - a potion of attraction {unknown}
 p - a potion of haste {unknown}
 r - a potion of lignification {unknown}
 u - a potion of might
 D - a potion of flight {unknown}


   Skills:
 - Level 6.6 Fighting
 + Level 6.8 Dodging
 - Level 1.0 Stealth
 + Level 7.2 Unarmed Combat


You had 8 spell levels left.
You didn't know any spells.
Your spell library contained the following spells:

 Spells                   Type           Power      Damage    Failure   Level
 Beastly Appendage        Tmut           0%         N/A       45%         1
 Poisonous Vapours        Pois/Air       0%         N/A       58%         2
 Wereblood                Tmut           0%         N/A       58%         2
 Mephitic Cloud           Conj/Pois/Air  0%         N/A       83%         3
 Spider Form              Tmut/Pois      0%         N/A       83%         3
 Airstrike                Air            0%         N/A       99%         4
 Summon Ice Beast         Ice/Summ       0%         N/A       99%         4
 Summon Lightning Spire   Summ/Air       0%         N/A       99%         4
 Freezing Cloud           Conj/Ice/Air   0%         6-21      100%        5
 Lightning Bolt           Conj/Air       0%         1d11      100%        5
 Summon Mana Viper        Hex/Summ       0%         N/A       100%        5
 Monstrous Menagerie      Summ           0%         N/A       100%        7


Dungeon Overview and Level Annotations

Branches:
Dungeon (7/15)             Temple (0/1) D:6

Altars:
Beogh

Shops:
D:7 !

Portals:
Abyss: D:3

Annotations:
D:3 2 transporters, Nausicaa's ghost, weakling VSTm
D:6 3 runed translucent doors, 2FriedEggs's ghost, novice OpVM
D:7 Harold


Innate Abilities, Weirdness & Mutations

You are too large for most types of armour.
You have claws for hands.
Your natural rate of healing is unusually fast.
You are covered in fur. (AC +1)
You have tough skin. (AC +1)


Message History

Harold is moderately wounded.
Harold hits you with a +0 halberd!!
You feel better. Harold hits you with a +0 halberd!!
* * * LOW HITPOINT WARNING * * *
You feel better. Harold hits you with a +0 halberd!
* * * LOW HITPOINT WARNING * * *
You feel better. Harold barely misses you.
Blink to where?
Press: ? - help, Dir - move target
As you read the scroll of blinking, it crumbles to dust.
Throw: 40 darts (poison)
Press: ? - help, Q - select action, (/) - cycle Shift-Dir - straight line, f - Harold
Aim: Harold, wielding a +0 halberd, wearing a +0 chain mail and quivering 5 throwing nets (moderately wounded, 76% to hit)
You throw a poisoned dart. The poisoned dart hits Harold.
Harold is poisoned.
Harold is moderately wounded.
Throw: 39 darts (poison)
Press: ? - help, Q - select action, (/) - cycle Shift-Dir - straight line, f/p - Harold
Aim: Harold, wielding a +0 halberd, wearing a +0 chain mail and quivering 5 throwing nets (moderately wounded, poisoned, 76% to hit)
You throw a poisoned dart. The poisoned dart barely misses Harold.
Harold throws a throwing net.
The throwing net hits you.
You become entangled in the net!
You cannot throw anything while held in a net.
You cannot throw anything while held in a net.
You feel very mighty all of a sudden.
You struggle against the net.
You tear a large gash into the net.
Harold looks more healthy.
You rip the net and break free!
Harold considers, "I think I'll use your bounty to get a nice plot of land..."
Harold throws a throwing net.
The throwing net completely misses you. Harold misses you.
Harold hits you with a +0 halberd!!
* * * LOW HITPOINT WARNING * * *
Harold hits you with a +0 halberd!!
* * * LOW HITPOINT WARNING * * *
You scratch Harold. You claw Harold!!
Harold is heavily wounded.
You claw Harold!
Harold is severely wounded.
Harold hits you with a +0 halberd!
You die...

#...#....####.#
.#.#..#.......###
..#...#.#####.#..
##..###.# #.#.# #.####.##
#.#.# ##.###...####.#.#
..)......^...(..#######.#
)†...#...#..#.#.@..((...#
.....##.....#.#.@.#######
..........###.###.#
.....###..# ... #.#
[....# #..# ### #.#
..#### #..≈≈≈≈≈≈≈.# #.#
#..#######.# ...
#..#.....#$# #.# #..#
#.## .# #... .#


You could see Harold.

Vanquished Creatures
  Joseph (D:7)
  Prince Ribbit (D:7)
  Menkaure (D:4)
  A water moccasin (D:6)
  A black bear (D:5)
  An ice beast (D:6)
  A necrophage (D:5)
  3 ogres
  A centaur (D:6)
  A phantom (D:6)
  3 bullfrogs
  2 scorpions
  2 water moccasin skeletons (D:5)
  A jelly (D:5)
  2 gnoll shamans
  An orc priest (D:6)
  2 hounds (D:5)
  Terence (D:2)
  2 iguanas
  An orc wizard (D:5)
  A hound skeleton (D:4)
  A howler monkey zombie (D:6)
  8 adders
  7 gnolls
  2 white imps (D:7)
  2 ufetubi
  A worm (D:3)
  2 dart slugs (D:3)
  12 orcs
  6 ball pythons
  5 endoplasms
  4 giant cockroaches
  6 goblins
  6 hobgoblins
  5 jackals
  8 kobolds
  3 quokkas (D:2)
  3 bats
  6 frilled lizards
  8 rats
125 creatures vanquished.

Notes
Turn   | Place    | Note
-------+----------+-------------------------------------------
     0 | D:1      | muata the Troll Monk began the quest for the Orb.
     0 | D:1      | Reached XP level 1. HP: 22/22 MP: 0/0
   210 | D:1      | Reached XP level 2. HP: 29/29 MP: 1/1
   267 | D:1      | Found a faded altar of an unknown god.
  1086 | D:2      | Reached XP level 3. HP: 31/36 MP: 2/2
  1492 | D:2      | Noticed Terence
  1506 | D:2      | Killed Terence
  1507 | D:2      | Reached XP level 4. HP: 21/45 MP: 3/3
  1950 | D:3      | Found a transporter.
  1972 | D:3      | Found a one-way gate to the infinite horrors of the Abyss.
  1972 | D:3      | Noticed a kobold brigand
  1972 | D:3      | Noticed Nausicaa's ghost (weakling VSTm)
  1992 | D:3      | Reached skill level 4 in Unarmed Combat
  2054 | D:3      | Reached XP level 5. HP: 53/53 MP: 4/4
  2135 | D:3      | You fall into a shaft and drop 3 floors!
  2191 | D:5      | Entered Level 5 of the Dungeon
  2211 | D:5      | Reached XP level 6. HP: 55/62 MP: 5/5
  2243 | D:5      | Reached skill level 5 in Unarmed Combat
  2354 | D:3      | Found a transporter.
  3073 | D:4      | Reached XP level 7. HP: 66/70 MP: 6/6
  3233 | D:4      | Noticed Menkaure
  3240 | D:4      | Killed Menkaure
  3819 | D:6      | Reached skill level 5 in Fighting
  3819 | D:6      | Reached skill level 5 in Dodging
  3819 | D:6      | Reached skill level 6 in Unarmed Combat
  3845 | D:6      | Reached XP level 8. HP: 50/80 MP: 7/7
  4061 | D:6      | Found a staircase to the Ecumenical Temple.
  4529 | D:5      | Reached skill level 7 in Unarmed Combat
  4700 | D:6      | Found a runed translucent gate.
  4701 | D:6      | Found a runed translucent gate.
  4702 | D:6      | Found a runed translucent gate.
  4702 | D:6      | Noticed 2FriedEggs's ghost (novice OpVM)
  4703 | D:6      | Identified the +0 plate armour "Kereriv" {Will++}
  5247 | D:7      | Noticed Joseph
  5263 | D:7      | Killed Joseph
  5264 | D:7      | Reached XP level 9. HP: 70/92 MP: 8/8
  5309 | D:7      | Found Uhaxuh's Distillery.
  5311 | D:7      | Noticed Prince Ribbit
  5326 | D:7      | Killed Prince Ribbit
  5342 | D:7      | Bought a potion of might for 48 gold pieces
  5342 | D:7      | Bought a potion of curing for 36 gold pieces
  5369 | D:7      | Noticed Harold
  5396 | D:7      | Mangled by Harold

Illustrated notes

Levels and vault maps discovered:
D:1:      minmay_arrival_cross, layout_loops_corners,
          shapermc_ecumenical_altar_gd
D:2:      layout_basic, kennysheep_generic_room_14, uniq_terence
D:3:      cheibrodos_helix_gallery, layout_basic, gammafunk_ghost_abyssal_escape
D:4:      layout_loops_ring, corexii_mini_fake_secret_closet, uniq_menkaure
D:5:      layout_basic
D:6:      layout_basic, temple_fountains, biasface_ghost_orc_armoury
D:7:      lemuel_ice_statue, layout_loops_ring, serial_shops,
          nicolae_diamond_shop, grunt_decor_cap, uniq_harold,
          uniq_prince_ribbit1, uniq_joseph

Skill      XL: |  1  2  3  4  5  6  7  8 |
---------------+-------------------------+-----
Fighting       | 3 4 5 6 |  6.6
Dodging        | 3 4 5 6 |  6.8
Unarmed Combat | 4 5 6 7 |  7.2
Stealth        | |  1.0

Action                   |  1- 3 |  4- 6 |  7- 9 || total
-------------------------+-------+-------+-------++-------
Melee: Unarmed           |    76 |   115 |   205 ||   396
       Punch             |       |       |     7 ||     7
Throw: Dart              |       |       |     2 ||     2
  Use: Scroll            |       |       |     8 ||     8
       Potion            |       |       |     5 ||     5
 Stab: Sleeping          |     3 |     1 |     1 ||     5
Armor: Robe              |    23 |    39 |    59 ||   121
Dodge: Dodged            |    47 |    56 |   133 ||   236

Table legend: (Time is in decaauts)
 A = Elapsed time spent in this place.
 B = Non-inter-level travel time spent in this place.
 C = Inter-level travel time spent in this place.
 D = Time resting spent in this place.
 E = Time spent auto-exploring this place.
 F = Levels seen in this place.
 G = Mean time per level.
                   A        B        C        D        E       F      G
               +--------+--------+--------+--------+--------+-----+--------+
         Total |   5362 |   5084 |    278 |    200 |   3667 |   7 |  766.0 |
       Dungeon |   5362 |   5084 |    278 |    200 |   3667 |   7 |  766.0 |
               +--------+--------+--------+--------+--------+-----+--------+

Top non-repeatable levels by time:
     D:6: 1091 daAuts
     D:1: 1070 daAuts
     D:2: 860 daAuts
     D:4: 770 daAuts
     D:5: 749 daAuts
     D:3: 635 daAuts
     D:7: 183 daAuts
